 Dungeon Crawl Stone Soup version 0.26-a0-610-g3e9335bbc7 (webtiles) character file.

Game seed: 11434188102532590844

35 ANON1729 the Skirmisher (level 3, 0/29 HPs)
             Began as a Mummy Chaos Knight on Sept 3, 2020.
             Was a Plaything of Xom.
             Slain by a frilled lizard (2 damage)
             ... on level 2 of the Dungeon.
             The game lasted 00:01:44 (949 turns).

ANON1729 the Skirmisher (Mummy Chaos Knight)         Turns: 949, Time: 00:01:45

Health: 0/29       AC:  5    Str: 16      XL:     3   Next: 17%
Magic:  3/3        EV: 11    Int: 11      God:    Xom [..*...]
Gold:   82         SH:  0    Dex:  1 (11) Spells: 2/2 levels left

rFire    x . .     SeeInvis .   a - +0 spear (chaos)
rCold    + . .     Faith    .   (no shield)
rNeg     + + +     Spirit   .   b - +2 leather armour
rPois    ∞         Reflect  .   (no helmet)
rElec    .         Harm     .   (no cloak)
rCorr    .                      (no gloves)
MR       .....                  (no boots)
Stlth    ..........             (no amulet)
HPRegen  0.09/turn              (no ring)
MPRegen  0.08/turn              (no ring)

@: brilliant
A: no potions, fire vulnerability, cold resistance 1, negative energy resistance
3, torment resistance, unbreathing
a: Renounce Religion


You were on level 2 of the Dungeon.
You worshipped Xom.
You were a toy of Xom.
You visited 1 branch of the dungeon, and saw 2 of its levels.

You collected 82 gold pieces.

Inventory:

Hand Weapons
 a - a +0 spear of chaos (weapon)
Armour
 b - a +2 leather armour (worn)


   Skills:
 + Level 3.3 Fighting
 + Level 2.7 Polearms
 + Level 2.0 Armour
 + Level 1.3 Dodging


You had 2 spell levels left.
You didn't know any spells.
Your spell library was empty.

Dungeon Overview and Level Annotations

Branches:
Dungeon (2/15)

Altars:


Innate Abilities, Weirdness & Mutations

You do not drink.
Your flesh is vulnerable to fire.
You are immune to poison.
Your flesh is cold resistant. (rC+)
You are immune to negative energy. (rN+++)
You are immune to unholy pain and torment.
You can survive without breathing.


Message History

Xom is mildly amused.
The hobgoblin is no longer moving quickly.
The frilled lizard bites you but does no damage.
The frilled lizard bites you but does no damage.
As you read the scroll labeled HEXEDA HUCZU, it crumbles to dust.
You hear a loud clanging noise!
It was a scroll of noise.
You hear a shout!
You hear an angry hiss.
The frilled lizard bites you but does no damage.
As you read the scroll labeled NOHAWU NEONG, it crumbles to dust.
You feel blessed for a moment.
It was a scroll of remove curse. "Go forth and cause havoc, mortal!"
You feel clever all of a sudden. The frilled lizard closely misses you.
As you read the scroll labeled TEZXUAMMYMO, it crumbles to dust.
It is a scroll of identify.
You don't have any unidentified items.
The frilled lizard bites you.
You die...
Xom howls with laughter!

......†.....######
..K.♣.♣.♣.♣.#.....
......#...........
......♣†♣#.##.....
......#..#.#######
........##)#
####..#.##.#
########.......#
#Kg5l@...##(##.#
#.#####.#####........#
.....#.##..K.(..$####
# #..K...##(##### #
###g#####(# #
#.#####.# # #.......#
#########


You could see a quasit, a hobgoblin, a kobold and a frilled lizard.

Vanquished Creatures
  2 adders (D:2)
  A leopard gecko (D:1)
  4 goblins
  2 hobgoblins (D:1)
  A quokka (D:2)
  A ball python (D:2)
  3 bats
  2 kobolds (D:1)
  A rat (D:1)
17 creatures vanquished.

Vanquished Creatures (others)
  2 plants (D:2)
2 creatures vanquished.

Grand Total: 19 creatures vanquished

Notes
Turn   | Place    | Note
-------+----------+-------------------------------------------
     0 | D:1      | ANON1729 the Mummy Chaos Knight began the quest for the
                  | Orb.
     0 | D:1      | Reached XP level 1. HP: 18/18 MP: 1/1
    17 | D:1      | XOM: divination: detect items
   136 | D:1      | Reached skill level 1 in Dodging
   367 | D:1      | XOM: divination: detect items
   370 | D:1      | Reached XP level 2. HP: 24/24 MP: 2/2
   630 | D:1      | You fall into a shaft and drop 1 floor!
   637 | D:2      | XOM: silly message
   642 | D:2      | XOM: potion effect (invisibility)
   649 | D:2      | Reached XP level 3. HP: 12/29 MP: 3/3
   897 | D:2      | XOM: potion effect (heal wounds)
   932 | D:2      | HP: 1/29 [something (2)]
   948 | D:2      | XOM: potion effect (brilliance)
   949 | D:2      | Slain by a frilled lizard

Illustrated notes

Levels and vault maps discovered:
D:1:      wander_arrival_lonely_grave, layout_basic
D:2:      layout_loops_cross, serial_forest, infiniplex_forest_clump_medium,
          infiniplex_forest_straight_4, infiniplex_forest_clump_small,
          infiniplex_forest_zigzag_2, infiniplex_forest_straight_2,
          infiniplex_forest_straight_2, infiniplex_forest_lined_room_2,
          infiniplex_forest_lined_3_way

Skill      XL: |  1  2 |
---------------+-------+-----
Dodging        | 1 |  1.3
Armour         | 2 |  2.0
Fighting       | |  3.3
Polearms       | |  2.7

Action                   || total
-------------------------++-------
Melee: Spear             ||    66
  Use: Scroll            ||     4
 Stab: Invisible         ||     1
Armor: Leather armour    ||    51
Dodge: Dodged            ||    44

Table legend: (Time is in decaauts)
 A = Elapsed time spent in this place.
 B = Non-inter-level travel time spent in this place.
 C = Inter-level travel time spent in this place.
 D = Time resting spent in this place.
 E = Time spent auto-exploring this place.
 F = Levels seen in this place.
 G = Mean time per level.
                   A        B        C        D        E       F      G
               +--------+--------+--------+--------+--------+-----+--------+
         Total |    948 |    927 |     21 |    255 |    517 |   2 |  474.0 |
       Dungeon |    948 |    927 |     21 |    255 |    517 |   2 |  474.0 |
               +--------+--------+--------+--------+--------+-----+--------+

Top non-repeatable levels by time:
     D:1: 670 daAuts
     D:2: 277 daAuts
